 Dungeon Crawl Stone Soup version 0.20.1-1-g8b1a95d (webtiles) character file.

57 papiloppo the Covered (level 3, -3/26 HPs)
             Began as a Minotaur Wanderer on Nov 28, 2017.
             Killed from afar by Sigmund (7 damage)
             ... with a puff of flame
             ... on level 2 of the Dungeon.
             The game lasted 00:02:58 (947 turns).

papiloppo the Covered (Minotaur Wanderer)            Turns: 947, Time: 00:02:58

Health: -3/26      AC: 10    Str: 20    XL:     3   Next: 73%
Magic:  5/5        EV:  9    Int:  7    God:
Gold:   53         SH:  0    Dex:  8    Spells: 7/7 levels left

rFire    . . .     SeeInvis .   c - +0 mace
rCold    . . .     Gourm    .   (no shield)
rNeg     . . .     Faith    .   a - +2 scale mail
rPois    +         Spirit   .   (helmet restricted)
rElec    .         Reflect  .   (no cloak)
rCorr    .         Harm     .   (no gloves)
MR       .....                  o - +0 pair of boots
Stlth    ..........             (no amulet)
Regen    0.1/turn               k - ring of flight
MPRegen  0.1/turn               l - ring of poison resistance

@: no status effects
A: retaliatory headbutt, horns 2
a: Evoke Flight


You were on level 2 of the Dungeon.
You were not hungry.

You visited 1 branch of the dungeon, and saw 2 of its levels.

You collected 53 gold pieces.

Inventory:

Hand Weapons
 c - a +0 mace (weapon)
Armour
 a - a +2 scale mail (worn)
 i - a +0 ring mail
 o - a +0 pair of boots (worn)
Jewellery
 k - a ring of flight (left hand)
 l - a ring of poison resistance (right hand)
 t - a +3 ring of protection {unknown}
Scrolls
 e - a scroll of teleportation {unknown}
 h - 3 scrolls of identify {unknown}
 m - a scroll of fear {unknown}
 r - a scroll of amnesia {unknown}
 s - a scroll of blinking {unknown}
Potions
 f - a potion of ambrosia {unknown}
 j - a potion of lignification {unknown}
 p - 3 potions of curing {unknown}
 q - a potion of degeneration {unknown}
Books
 b - the Papyrus of Confrontation

   Spells                             Type                      Level
   a - Flame Tongue                   Conjuration/Fire             1
   b - Static Discharge               Conjuration/Air              3
Comestibles
 d - 2 bread rations
 g - a meat ration
 n - a royal jelly


   Skills:
 + Level 2.2 Maces & Flails
 + Level 1.6 Throwing
 + Level 3.2 Armour
 - Level 0.4 Dodging
   Level 1.2 Shields
 + Level 2.6 Spellcasting
   Level 1.3 Fire Magic


You had 7 spell levels left.
You didn't know any spells.

Dungeon Overview and Level Annotations

Branches:
Dungeon (2/15)

Altars:
Kikubaaqudgha

Annotations:
D:2 Sigmund


Innate Abilities, Weirdness & Mutations

You reflexively headbutt those who attack you in melee.
You have a pair of horns on your head.


Message History

You closely miss Sigmund. Your headbutt misses Sigmund.
Sigmund is moderately wounded.
Sigmund hits you with a scythe.
* * * LOW HITPOINT WARNING * * *
You thump Sigmund!
Sigmund is heavily wounded.
Sigmund hits you but does no damage.
You closely miss Sigmund. Your headbutt misses Sigmund.
Sigmund is heavily wounded.
Sigmund gestures at you while chanting. The magic dart hits you!
* * * LOW HITPOINT WARNING * * *
You closely miss Sigmund. Your headbutt misses Sigmund.
Sigmund is heavily wounded.
Sigmund hits you but does no damage.
You completely miss Sigmund.
Sigmund is heavily wounded.
Sigmund casts a spell at you. The puff of flame hits you!
You die...

...##... ...# ## #.
#### #. #. #. #.
######. ########
.......##......#
......@@'......#
......###......#
..!.. ###'#### ....
#.# ... #.# .. #.#
.#+# #####'###
#.##.# #.......#
#.#.##.####.......#


You could see Sigmund.

Vanquished Creatures
  2 adders (D:2)
  An ooze (D:1)
  4 bats (D:1)
  2 giant cockroaches (D:1)
  5 goblins
  6 hobgoblins (D:1)
  6 kobolds
  A quokka (D:2)
  2 frilled lizards (D:2)
  2 rats (D:1)
31 creatures vanquished.

Notes
Turn   | Place    | Note
-------+----------+-------------------------------------------
     0 | D:1      | papiloppo the Minotaur Wanderer began the quest for the Orb.
     0 | D:1      | papiloppo set off with: a +2 scale mail, the Papyrus of Confrontation, a +0 mace, a bread ration
     0 | D:1      | Reached XP level 1. HP: 14/14 MP: 2/2
    19 | D:1      | Reached XP level 2. HP: 19/20 MP: 4/4
   327 | D:1      | Reached skill level 3 in Armour
   342 | D:1      | Reached XP level 3. HP: 21/26 MP: 5/5
   689 | D:2      | Found an ancient bone altar of Kikubaaqudgha.
   932 | D:2      | Noticed Sigmund
   947 | D:2      | Killed from afar by Sigmund

Skill      XL: |  1  2  3 |
---------------+----------+-----
Armour         | 3 |  3.2
Maces & Flails | 2 |  2.2
Throwing       | |  1.6
Dodging        | |  0.4
Shields        | |  1.2
Spellcasting   | |  2.6
Fire Magic     | |  1.3

Action                   || total
-------------------------++-------
Melee: Mace              ||    89
       Headbutt          ||    12
Armor: Scale mail        ||    53
Dodge: Dodged            ||    42
